 Dungeon Crawl Stone Soup version 0.19.5 (webtiles) character file.

13900 Gargoyl the Protected (level 12, 0/101 HPs)
             Began as a Ghoul Abyssal Knight on Mar 8, 2017.
             Was a Believer of Lugonu.
             Slain by a death yak (19 damage)
             ... on level 1 of the Lair of Beasts.
             The game lasted 00:34:08 (14960 turns).

Gargoyl the Protected (Ghoul Abyssal Knight)       Turns: 14960, Time: 00:34:09

Health: 0/101      AC: 22    Str: 17    XL:     12   Next: 10%
Magic:  5/18       EV:  7    Int:  7    God:    Lugonu [**....]
Gold:   645        SH:  0    Dex: 12    Spells: 0 memorised, 11 levels left

rFire  . . .     SeeInvis +     u - +0 falchion (elec)
rCold  + . .     Gourm    .     H - +0 plate armour
rNeg   + + +     Faith    .     (no shield)
rPois  ∞         Spirit   .     n - +0 helmet
rElec  .         Reflect  .     (no cloak)
rCorr  +         Harm     .     h - +2 pair of gloves
MR     .....                    o - +1 pair of boots
Stlth  ..........               (no amulet)
                                I - ring of see invisible
                                k - ring of resist corrosion

@: rotting
A: rotting body, claws 1, carnivore 3, cold resistance 1, negative energy
resistance 3, slow regeneration 1, torment resistance, unbreathing
a: Depart the Abyss, Bend Space, Renounce Religion


You were on level 1 of the Lair of Beasts.
You worshipped Lugonu.
Lugonu was pleased with you.
You were not hungry.

You visited 2 branches of the dungeon, and saw 10 of its levels.
You visited the Abyss 1 time.
You also visited: Ossuary.

You collected 645 gold pieces.

Inventory:

Hand Weapons
 a - a +3 hand axe
 u - a +0 falchion of electrocution (weapon)
 C - a +1 war axe
Missiles
 s - 4 javelins of returning (quivered)
Armour
 h - a +2 pair of gloves (worn)
 n - a +0 helmet (worn)
 o - a +1 pair of boots (worn)
 H - a +0 plate armour (worn)
Jewellery
 k - a ring of resist corrosion (left hand)
 I - a ring of see invisible (right hand)
 L - an uncursed amulet of rage {unknown}
Wands
 t - a wand of acid (10/15)
 B - a wand of polymorph (13/24)
 N - a wand of digging (11/24)
Scrolls
 g - 7 scrolls of identify
 j - 4 scrolls of fear
 r - 5 scrolls of teleportation
 w - a scroll of remove curse
 D - 2 scrolls of blinking
Potions
 b - 2 potions of haste
 i - a potion of degeneration
 l - a potion of ambrosia
 m - 2 potions of brilliance {unknown}
 p - 7 potions of flight {unknown}
 q - 2 potions of berserk rage {unknown}
 v - 4 potions of cancellation {unknown}
 x - 5 potions of mutation {unknown}
 z - 3 potions of lignification {unknown}
 A - 4 potions of heal wounds {unknown}
 F - a potion of agility {unknown}
 J - a potion of invisibility {unknown}
Books
 d - a book of Enchantments

   Spells                             Type                      Level
   a - Cause Fear                     Hexes                        4
   b - Yara's Violent Unravelling     Hexes/Transmutation          5
   c - Silence                        Hexes/Air                    5
   d - Deflect Missiles               Charms/Air                   6
   e - Discord                        Hexes                        8
 y - a book of Callings

   Spells                             Type                      Level
   a - Summon Small Mammal            Summoning                    1
   b - Call Imp                       Summoning                    2
   c - Call Canine Familiar           Summoning                    3
   d - Summon Guardian Golem          Hexes/Summoning              3
   e - Summon Lightning Spire         Summoning/Air                4
   f - Summon Ice Beast               Ice/Summoning                4
 E - a book of Maledictions

   Spells                             Type                      Level
   a - Corona                         Hexes                        1
   b - Ensorcelled Hibernation        Hexes/Ice                    2
   c - Confuse                        Hexes                        3
   d - Tukima's Dance                 Hexes                        3
   e - Dazzling Spray                 Conjuration/Hexes            3
 M - a book of Necromancy

   Spells                             Type                      Level
   a - Pain                           Necromancy                   1
   b - Animate Skeleton               Necromancy                   1
   c - Vampiric Draining              Necromancy                   3
   d - Regeneration                   Charms/Necromancy            3
   e - Animate Dead                   Necromancy                   4
   f - Control Undead                 Necromancy                   4
Comestibles
 c - 10 meat rations
 f - 2 beef jerkies
 G - a slice of pizza
 K - a royal jelly


   Skills:
 + Level 8.0 Fighting
 + Level 7.3 Long Blades
 + Level 5.6 Axes
 + Level 2.3 Throwing
 * Level 11.0 Armour
 + Level 2.7 Dodging
 * Level 9.5 Invocations


You had 11 spell levels left.
You didn't know any spells.

Dungeon Overview and Level Annotations

Branches:
Dungeon (8/15)             Temple (0/1) D:5            Lair (2/6) D:8
  Snake (0/4) Lair:2
  Swamp: Lair:2-4    Shoals: Lair:2-4

Altars:
Ashenzari
Dithmenos
Fedhas
Kikubaaqudgha
Okawaru
Qazlal
Sif Muna
Trog
Vehumet
Yredelemnul
Zin
The Shining One

Shops:
D:7 (

Annotations:
D:2 Sigmund


Innate Abilities, Weirdness & Mutations

Your body is rotting away.
You thrive on raw meat.
You are immune to poison.
You have sharp fingernails.
You are carnivorous and can eat meat at any time.
Your flesh is cold resistant. (rC+)
You are immune to negative energy. (rN+++)
You regenerate slowly when monsters are visible.
You are immune to unholy pain and torment.
You can survive without breathing.


Message History

The death yak gores you but does no damage.
Press: ? - help, Shift-Dir - straight line, f/p - death yak
Aim: a death yak (heavily wounded, chance to defeat MR: 23%)
The death yak resists with almost no effort.
You feel somewhat more hungry.
You can no longer banish your foes.
Okay, then.
Unknown command.
Okay, then.
You feel better. The death yak gores you.
* * * LOW HITPOINT WARNING * * *
You feel better.
The death yak gores you but does no damage.
You feel better. The death yak closely misses you.
You riposte.
Your plate armour prevents you from hitting the death yak.
The death yak is moderately wounded.
You feel better. The death yak gores you!!
* * * LOW HITPOINT WARNING * * *
You feel better. The death yak gores you!!
You die...

#.# ##.......).#.####......
#.#
#########P.....P....###.#....
#.###.##..#
#...............###.P
..).......###.........####.##
#.P ...####P..............##
### #.# ..##
###.##P..........# #.# ..#
######....###..# ##.# .##
#......##.P### #P.P ..#
##.#@###..##.######.# ..####
##.#Y####...........# .....#
#..#.......##.####### .##..#
### ##....###.#####
.###.###.####..P#.....#
.#.............##.#####
.#.#.####.#######.# ...#.P#
### ##.# .....## #P.#


You could see a death yak.

Vanquished Creatures
  Fannar (Lair:1)
  A death yak (Lair:1)
  An oklob plant (D:6)
  Joseph (D:8)
  3 spiny frogs
  A rime drake (Lair:2)
  4 komodo dragons
  Grinder (D:4)
  11 blink frogs
  6 hippogriffs
  A hungry ghost (D:8)
  5 water moccasins
  A swamp drake (D:8)
  2 orc warriors
  4 porcupines
  An ice beast (D:5)
  3 sky beasts
  2 necrophages
  2 ogres
  2 centaurs (D:8)
  2 crocodiles
  8 bullfrogs
  A gnoll sergeant (D:8)
  A water moccasin zombie (Ossuary)
  A scorpion (D:7)
  A howler monkey (D:5)
  4 wights (D:6)
  An electric eel (Lair:2)
  A crimson imp (D:7)
  2 bullfrog zombies (Ossuary)
  6 centaur zombies
  2 hounds
  8 jellies
  7 orc wizards
  2 worker ants
  Terence (D:3)
  4 iguanas
  A statue (D:4)
  2 killer bee zombies (Ossuary)
  3 hound zombies (Ossuary)
  8 mummies (Ossuary)
  A howler monkey zombie (D:5)
  A worker ant zombie (Ossuary)
  10 gnolls
  9 adders
  2 shadow imps
  14 oozes
  2 adder zombies
  4 adder skeletons
  3 worms
  2 dart slugs
  6 leopard geckos
  16 orcs
  2 ball pythons
  4 giant cockroaches
  8 goblins
  6 hobgoblins
  6 kobolds
  2 quokkas
  5 bats
  3 frilled lizards
  A giant cockroach zombie (Ossuary)
  2 jackal zombies
  A kobold skeleton (D:3)
  A kobold zombie (D:3)
  A leopard gecko zombie (Ossuary)
  4 quokka zombies (Ossuary)
  4 rats
239 creatures vanquished.

Vanquished Creatures (others)
  A death yak (Lair:1)
  A black mamba (Lair:1)
  2 spiny frogs
  An electric eel (Lair:2)
  3 iguanas (D:8)
  A frilled lizard (D:3)
  8 fungi
  A lurking horror (Abyss:2)
  A plant (Lair:1)
  A withered plant (Ossuary)
20 creatures vanquished.

Grand Total: 259 creatures vanquished

Notes
Turn   | Place    | Note
-------+----------+-------------------------------------------
     0 | Abyss:1  | Gargoyl the Ghoul Abyssal Knight began the quest for the Orb.
     0 | Abyss:1  | Reached XP level 1. HP: 19/19 MP: 1/1
    86 | Abyss:2  | Noticed a large abomination
    88 | Abyss:2  | Noticed an Executioner
    90 | D:1      | Escaped the Abyss
   407 | D:1      | Reached XP level 2. HP: 18/24 MP: 2/2
   506 | D:1      | Reached * piety under Lugonu
   610 | D:1      | Reached skill level 2 in Armour
  1047 | D:2      | Reached XP level 3. HP: 27/31 MP: 3/3
  1375 | D:2      | Found a bloodstained altar of Trog.
  1376 | D:2      | Found a blossoming altar of Fedhas.
  1416 | D:2      | Reached XP level 4. HP: 36/40 MP: 4/4
  1545 | D:2      | Noticed Sigmund
  1583 | D:3      | Noticed an ogre
  2017 | D:3      | Noticed Terence
  2026 | D:3      | Killed Terence
  2051 | D:3      | Killed an ogre
  2051 | D:3      | Reached XP level 5. HP: 34/46 MP: 6/6
  2154 | D:3      | Reached ** piety under Lugonu
  2157 | D:3      | Found a runed door.
  2157 | D:3      | Noticed a human
  2336 | D:3      | Found a basalt altar of Yredelemnul.
  2472 | D:3      | Reached skill level 3 in Armour
  2472 | D:3      | Reached XP level 6. HP: 43/52 MP: 7/7
  2785 | D:4      | Found a stormy altar of Qazlal.
  3098 | D:4      | Noticed Grinder
  3109 | D:4      | Paralysed by Grinder for 6 turns
  3126 | D:4      | Killed Grinder
  3126 | D:4      | Reached skill level 5 in Fighting
  3126 | D:4      | Reached skill level 1 in Dodging
  3126 | D:4      | Reached XP level 7. HP: 29/59 MP: 8/8
  3614 | D:4      | Found a radiant altar of Vehumet.
  3967 | D:4      | Found a deep blue altar of Sif Muna.
  4027 | D:5      | Entered Level 5 of the Dungeon
  4235 | D:5      | Reached *** piety under Lugonu
  4235 | D:5      | Reached skill level 5 in Axes
  4288 | D:5      | Reached skill level 4 in Armour
  4324 | D:5      | Reached XP level 8. HP: 64/68 MP: 10/10
  4575 | D:5      | Reached skill level 1 in Long Blades
  4638 | D:5      | Found a staircase to the Ecumenical Temple.
  4761 | D:6      | Noticed an oklob plant
  4924 | D:6      | Reached **** piety under Lugonu
  5195 | D:6      | Killed an oklob plant
  5195 | D:6      | Reached skill level 5 in Armour
  5195 | D:6      | Reached skill level 5 in Invocations
  5195 | D:6      | Reached XP level 9. HP: 19/74 MP: 10/12
  6040 | D:6      | Found a faded altar of an unknown god.
  6040 | D:6      | Found a shadowy altar of Dithmenos.
  6045 | D:6      | Found an iron altar of Okawaru.
  6047 | D:6      | Found a basalt altar of Yredelemnul.
  6049 | D:6      | Found a glowing golden altar of the Shining One.
  6812 | D:7      | Found a glowing silver altar of Zin.
  6956 | D:7      | Found an ancient bone altar of Kikubaaqudgha.
  7071 | D:7      | Found Nacur's Weapon Shoppe.
  7082 | D:7      | Reached skill level 6 in Armour
  7548 | D:8      | Noticed Joseph
  7570 | D:8      | Killed Joseph
  7759 | D:8      | Reached skill level 7 in Armour
  7951 | D:8      | Found a sand-covered staircase.
  7960 | Ossuary  | Entered an ossuary
  7999 | Ossuary  | Reached skill level 5 in Long Blades
  7999 | Ossuary  | Reached XP level 10. HP: 46/82 MP: 13/13
  8519 | Ossuary  | Reached ***** piety under Lugonu
  8568 | D:8      | Reached skill level 1 in Throwing
  8894 | D:8      | Found a shattered altar of Ashenzari.
  9455 | D:8      | Reached skill level 8 in Armour
  9565 | D:8      | Found a staircase to the Lair.
  9655 | Lair:1   | Entered Level 1 of the Lair of Beasts
  9658 | Lair:1   | Noticed Fannar
 10263 | Lair:1   | Killed Fannar
 10273 | Lair:1   | Noticed a spiny frog
 10288 | Lair:1   | Killed a spiny frog
 10288 | Lair:1   | Reached XP level 11. HP: 13/92 MP: 15/15
 10516 | D:8      | Reached skill level 9 in Armour
 11555 | Lair:1   | Got a brightly glowing dagger
 11556 | Lair:1   | Identified the +10 dagger of the Doomed Warrior {flame, *Noise *Drain rC+ Dex+7} (You found it on level 1 of the Lair of Beasts)
 12855 | Lair:2   | Reached skill level 10 in Armour
 13433 | Lair:2   | Found a staircase to the Snake Pit.
 14382 | Lair:2   | Noticed a death yak
 14383 | Lair:2   | Noticed a death yak
 14421 | Lair:1   | HP: 2/94 [death yak (13)]
 14424 | Lair:1   | Banished a death yak
 14826 | Lair:2   | Noticed a death yak
 14827 | Lair:2   | Noticed a death yak
 14829 | Lair:2   | Noticed a death yak
 14830 | Lair:2   | Noticed a death yak
 14860 | Lair:1   | Killed a death yak
 14860 | Lair:1   | Reached XP level 12. HP: 65/100 MP: 17/17
 14897 | Lair:1   | Banished a death yak
 14912 | Lair:1   | Banished a death yak
 14912 | Lair:1   | Reached skill level 11 in Armour
 14919 | Lair:1   | HP: 5/101 [death yak (17)]
 14960 | Lair:1   | Slain by a death yak

Skill      XL: |  1  2  3  4  5  6  7  8  9 10 11 12 |
---------------+-------------------------------------+-----
Axes           | 2 3 4 5 |  5.6
Armour         | 2 3 4 5 7 8 10 11 | 11.0
Fighting       | 4 5 6 7 8 |  8.0
Invocations    | 3 4 5 6 7 9 |  9.5
Dodging        | 1 2 |  2.7
Long Blades    | 3 5 6 7 |  7.3
Throwing       | 1 2 |  2.3

Action                   |  1- 3 |  4- 6 |  7- 9 | 10-12 || total
-------------------------+-------+-------+-------+-------++-------
Melee: Hand axe          |    88 |   163 |    53 |       ||   304
       Falchion          |       |       |   371 |   669 ||  1040
       War axe           |       |       |     4 |       ||     4
Throw: Javelin           |       |       |       |    45 ||    45
Invok: Depart the Abyss  |     1 |       |       |       ||     1
       Banish            |       |       |       |    17 ||    17
       Bend Space        |       |       |       |     1 ||     1
  Use: Scroll            |     7 |     3 |     5 |     7 ||    22
       Potion            |       |       |       |    11 ||    11
  Eat: Chunk             |    12 |    20 |    26 |    77 ||   135
       Meat ration       |       |       |       |     1 ||     1
Armor: Chain mail        |    72 |    95 |   285 |   126 ||   578
       Plate armour      |       |       |       |   384 ||   384
Dodge: Dodged            |    31 |    59 |   150 |   239 ||   479
       Rpst.: Falchion   |       |       |    42 |    74 ||   116
